 Dungeon Crawl Stone Soup version 0.30-a0-1066-g63dfefce0d (webtiles) character file.

Game seed: 13423864867042933142

345 cforsyth the Caller (level 6, -2/36 HPs)
             Began as an Octopode Summoner on Apr 12, 2023.
             Succumbed to a kobold brigand's curare-tipped dart
             ... on level 6 of the Dungeon.
             The game lasted 00:06:02 (3711 turns).

cforsyth the Caller (Octopode Summoner)             Turns: 3711, Time: 00:06:03

Health: -2/36      AC:  1    Str:  8    XL:     6   Next: 58%
Magic:  7/12       EV: 13    Int: 19    God:
Gold:   210        SH:  0    Dex: 12    Spells: 4/13 levels left

rFire   . . .      SeeInvis .    (no weapon)
rCold   . . .      Faith    .    (no shield)
rNeg    + . .      Spirit   .    (helmet restricted)
rPois   .          Reflect  .    (no amulet)
rElec   .          Rampage  .    e - ring of positive energy
rCorr   .                        (no ring)
Will    .....                    (no ring)
Stlth   +++                      (no ring)
HPRegen 0.26/turn                (no ring)
MPRegen 0.13/turn                (no ring)
                                 (no ring)
                                 (no ring)

@: lethally poisoned (-2 -> -27), slowed, studying Conjurations, very slow
A: almost no armour, amphibious, 8 rings, camouflage 1, gelatinous body 1,
(nimble swimmer 1), tentacles
a: no special abilities


You were on level 6 of the Dungeon.
You visited 2 branches of the dungeon, and saw 6 of its levels.

You collected 210 gold pieces.

Inventory:

Jewellery
 e - a ring of positive energy (left tentacle)
 q - an amulet of regeneration
 t - an amulet of reflection
Wands
 l - a wand of polymorph (8)
 v - a wand of flame (18)
Scrolls
 b - a scroll of enchant armour {unknown}
 d - 4 scrolls of identify {unknown}
 f - 2 scrolls of poison {unknown}
 i - 3 scrolls of amnesia {unknown}
 n - 2 scrolls of teleportation {unknown}
 o - a scroll of fear {unknown}
 p - a scroll of blinking {unknown}
 r - a scroll of immolation {unknown}
 s - a scroll of enchant weapon {unknown}
 u - a scroll of fog {unknown}
Potions
 a - a potion of magic
 c - 2 potions of attraction {unknown}
 g - a potion of heal wounds {unknown}
 h - 5 potions of curing {unknown}
 j - 3 potions of mutation {unknown}
 k - a potion of lignification {unknown}
 m - a potion of might {unknown}


   Skills:
 - Level 2.0 Dodging
 - Level 2.6 Stealth
 + Level 4.2 Spellcasting
 + Level 2.5 Hexes
 + Level 5.7 Summonings


You had 4 spell levels left.
You knew the following spells:

 Your Spells              Type           Power      Damage    Failure   Level
a - Summon Small Mammal   Summ           100%       N/A       1%          1
b - Call Imp              Summ           50%        N/A       1%          2
c - Call Canine Familiar  Summ           25%        N/A       3%          3
d - Summon Guardian Gole  Hex/Summ       19%        N/A       8%          3

Your spell library contained the following spells:

 Spells                   Type           Power      Damage    Failure   Level
 Summon Lightning Spire   Summ/Air       14%        N/A       38%         4


Dungeon Overview and Level Annotations

Branches:
Dungeon (6/15)             Temple (1/1) D:6

Altars:
Ashenzari
Dithmenos
Elyvilon
Fedhas
Hepliaklqana
Kikubaaqudgha
Makhleb
Okawaru
Qazlal
Sif Muna
Uskayaw
Wu Jian
Xom
Yredelemnul
Zin
The Shining One


Innate Abilities, Weirdness & Mutations

You cannot wear most types of armour.
You are amphibious.
You can wear up to eight rings at the same time.
Your skin changes colour to match your surroundings (Stealth+).
Your rubbery body absorbs attacks. (AC +1, EV +1)
((You are camouflaged when in or above water. (Stealth+)))
You have tentacles for arms and can constrict up to eight enemies at once.


Message History

The kobold brigand hits your quokka with a +0 whip.
Your hound bites the kobold brigand but does no damage.
Your cerulean imp barely misses the kobold brigand.
Your quokka barely misses the kobold brigand.
The kobold brigand throws a curare-tipped dart.
The curare-tipped dart hits your quokka.
Your quokka is poisoned.
Your quokka convulses.
Your quokka dies!
Your quokka's corpse disappears in a puff of smoke!
Your hound bites the kobold brigand.
Your cerulean imp barely misses the kobold brigand.
Your hound closely misses the kobold brigand.
Your hound closely misses the kobold brigand.
Your cerulean imp hits the kobold brigand with a -2 spear.
Your cerulean imp hits the kobold brigand but does no damage.
Your hound barely misses the kobold brigand.
The kobold brigand throws a curare-tipped dart.
The curare-tipped dart hits you.
You are poisoned.
You have difficulty breathing.
You feel yourself slow down.
You feel very sick.
Your hound barely misses the kobold brigand.
Your cerulean imp hits the kobold brigand from afar with a -2 spear.
The kobold brigand throws a curare-tipped dart.
The curare-tipped dart hits you.
You are more poisoned.
You have difficulty breathing.
You feel as though you will be slow longer.
A kobold comes into view.
It is wielding a +0 dagger and quivering poisoned darts.
Your hound bites the kobold brigand.
Your cerulean imp hits the kobold brigand but does no damage.
The kobold brigand throws a curare-tipped dart.
The curare-tipped dart hits you.
You are more poisoned.
You have difficulty breathing.
* * * LOW HITPOINT WARNING * * *
You feel as though you will be slow longer.
Unknown command.
You swap places.
You die...

##... ##.... ####
#.....
#...############....[
#...#...........)....
#...#.###########....
#.......# ##...
#....##.# #### #...@#
... ####b# .#.#
#........# #..)......
#...)...# # #..Kh5..#
### #....).## #..
#...K.... ...#.#
#.......# ......


You could see a kobold brigand (ally target), a kobold, a friendly hound
(summoned), a friendly cerulean imp (summoned) and a friendly bat (summoned).

Vanquished Creatures
  Jessica (D:2)
  A worm (D:4)
  An orc (D:3)
  2 ball pythons
  2 bats
  An endoplasm (D:1)
  A giant cockroach (D:1)
  3 goblins
  4 hobgoblins
  A kobold (D:3)
  A frilled lizard (D:2)
18 creatures vanquished.

Vanquished Creatures (collateral kills)
  A jelly (D:6)
  A hound (D:6)
  An iguana (D:6)
  A gnoll (D:1)
  2 adders
  A worm (D:3)
  2 dart slugs
  3 orcs
  4 endoplasms
  2 giant cockroaches
  2 goblins
  2 hobgoblins (D:1)
  4 jackals (D:2)
  8 kobolds
  3 quokkas
  3 ball pythons
  3 bats
  5 frilled lizards
  6 rats
54 creatures vanquished.

Vanquished Creatures (others)
  Edmund (D:4)
1 creature vanquished.

Grand Total: 73 creatures vanquished

Notes
Turn   | Place    | Note
-------+----------+-------------------------------------------
     0 | D:1      | cforsyth the Octopode Summoner began the quest for the Orb.
     0 | D:1      | Reached XP level 1. HP: 11/11 MP: 3/3
   216 | D:1      | Reached XP level 2. HP: 17/17 MP: 1/5
   329 | D:1      | Reached XP level 3. HP: 5/21 MP: 4/6
   332 | D:1      | Learned a level 2 spell: Call Imp
   336 | D:1      | Learned a level 3 spell: Call Canine Familiar
  1381 | D:2      | Noticed Jessica
  1395 | D:2      | Killed Jessica
  1396 | D:2      | Reached XP level 4. HP: 18/27 MP: 3/8
  1398 | D:2      | Reached skill level 5 in Summonings
  1713 | D:2      | Learned a level 3 spell: Summon Guardian Golem
  1930 | D:2      | Found an ornate altar of the Wu Jian Council.
  2314 | D:3      | Reached XP level 5. HP: 31/31 MP: 5/10
  2440 | D:3      | Found a white marble altar of Elyvilon.
  2537 | D:3      | Found a burning altar of Makhleb.
  2629 | D:3      | Found a hide-covered altar of Uskayaw.
  2629 | D:3      | Found a blossoming altar of Fedhas.
  2630 | D:3      | Found a shadowy altar of Dithmenos.
  2630 | D:3      | Found an ancient bone altar of Kikubaaqudgha.
  2836 | D:3      | Found a faded altar of an unknown god.
  2839 | D:3      | Found a stormy altar of Qazlal.
  2876 | D:3      | Found a glowing silver altar of Zin.
  2876 | D:3      | Noticed an angel
  3084 | D:4      | Noticed Edmund
  3119 | D:4      | Killed Edmund
  3120 | D:4      | Reached XP level 6. HP: 35/36 MP: 3/12
  3350 | D:4      | You fall into a shaft and drop 2 floors!
  3448 | D:6      | Found a staircase to the Ecumenical Temple.
  3460 | Temple   | Entered the Ecumenical Temple
  3711 | D:6      | Succumbed to a kobold brigand's curare-tipped dart

Illustrated notes

Levels and vault maps discovered:
D:1:      dpeg_arrival_tiny_c, layout_basic, minivault_5
D:2:      layout_basic, basic_altar, minmay_curled_crystal,
          minmay_splitting_lines, uniq_jessica
D:3:      layout_loops_ring, mainiacjoe_overflow_alcove_2,
          nicolae_overflow_ecumenical_swirl, zin_angel,
          mainiacjoe_overflow_concentric_impassable,
          chequers_temple_overflow_statue_of_worship
D:4:      layout_basic, vehumet_crystals, lemuel_tele_altar,
          biasface_ghost_orc_armoury, uniq_edmund, uniq_ijyb,
          uniq_blork_the_orc, uniq_duvessa
D:6:      layout_rooms, minmay_temple_entry_tees
Temple:   hellmonk_temple_beads

Skill      XL: |  1  2  3  4  5 |
---------------+----------------+-----
Spellcasting   | 3 4 |  4.2
Summonings     | 5 |  5.7
Hexes          | 2 |  2.5
Dodging        | |  2.0
Stealth        | |  2.6

Action                     |  1- 3 |  4- 6 || total
---------------------------+-------+-------++-------
  Melee: Unarmed           |    40 |    37 ||    77
         Constrict         |     8 |    12 ||    20
         Tentacles         |     7 |    10 ||    17
   Cast: Summon Small Mamm |    21 |    21 ||    42
         Call Canine Famil |     8 |    13 ||    21
         Call Imp          |     3 |     9 ||    12
         Summon Guardian G |       |     3 ||     3
   Stab: Sleeping          |     1 |     2 ||     3
 Armour: Skin              |     5 |     4 ||     9
  Dodge: Dodged            |    36 |    26 ||    62

Table legend: (Time is in decaauts)
 A = Elapsed time spent in this place.
 B = Non-inter-level travel time spent in this place.
 C = Inter-level travel time spent in this place.
 D = Time resting spent in this place.
 E = Time spent auto-exploring this place.
 F = Levels seen in this place.
 G = Mean time per level.
                   A        B        C        D        E       F      G
               +--------+--------+--------+--------+--------+-----+--------+
         Total |   3710 |   3585 |    125 |    164 |   2832 |   6 |  618.3 |
       Dungeon |   3599 |   3487 |    112 |    164 |   2742 |   5 |  719.8 |
        Temple |    110 |     97 |     13 |      0 |     90 |   1 |  110.0 |
               +--------+--------+--------+--------+--------+-----+--------+

Top non-repeatable levels by time:
     D:1: 1152 daAuts
     D:2: 970 daAuts
     D:3: 873 daAuts
     D:4: 351 daAuts
     D:6: 250 daAuts
  Temple: 110 daAuts
